 Dungeon Crawl Stone Soup version 0.29.0-15-g675c0067aa (webtiles) character file.

Game seed: 6084770064001983023

560 greasedhog the Poker (level 7, -2/44 HPs)
             Began as a Gargoyle Wanderer on Sept 11, 2022.
             Slain by an ogre
             ... wielding a +0 giant spiked club
              (30 damage)
             ... on level 5 of the Dungeon.
             The game lasted 00:05:24 (4554 turns).

greasedhog the Poker (Gargoyle Wanderer)            Turns: 4554, Time: 00:05:25

Health: -2/44      AC: 13    Str: 17    XL:     7   Next: 31%
Magic:  10/10      EV: 10    Int: 13    God:
Gold:   225        SH:  0    Dex:  9    Spells: 9/10 levels left

rFire   + . .      SeeInvis .   a - +0 trident (flame)
rCold   . . .      Faith    .   (no shield)
rNeg    + . .      Spirit   .   e - +0 ring mail
rPois   ∞          Reflect  .   (no helmet)
rElec   +          Harm     .   s - +2 cloak
rCorr   +          Rampage  .   (no gloves)
Will    .....                   (no boots)
Stlth   +.........              (no amulet)
HPRegen 0.14/turn               k - ring of resist corrosion
MPRegen 0.12/turn               o - ring of protection from fire

@: no status effects
A: sickness immunity, AC +4, negative energy resistance 1, electricity
resistance, torment resistance 1, petrification resistance
a: no special abilities


You were on level 5 of the Dungeon.
You visited 1 branch of the dungeon, and saw 5 of its levels.

You collected 323 gold pieces.
You spent 98 gold pieces at shops.

Inventory:

Hand Weapons
 a - a +0 trident of flaming (weapon)
Armour
 b - a +0 cloak
 e - a +0 ring mail (worn)
 s - a +2 cloak (worn)
Jewellery
 k - a ring of resist corrosion (left hand)
 o - a ring of protection from fire (right hand)
Scrolls
 c - a scroll of fear
 d - 2 scrolls of enchant armour
 g - 2 scrolls of amnesia
 j - 2 scrolls of poison
 l - 2 scrolls of vulnerability
 m - a scroll of summoning {unknown}
 n - a scroll of teleportation {unknown}
 q - a scroll of magic mapping {unknown}
 t - a scroll of brand weapon
 x - a scroll of silence {unknown}
 y - a scroll of butterflies {unknown}
Potions
 f - 2 potions of brilliance
 h - a potion of lignification
 i - a potion of cancellation {unknown}
 p - a potion of degeneration {unknown}
 r - a potion of ambrosia {unknown}
 u - a potion of flight {unknown}
 v - a potion of curing {unknown}
 w - 2 potions of haste {unknown}


   Skills:
 - Level 5.1 Fighting
 * Level 5.6 Polearms
 * Level 2.0 Armour
 - Level 1.0 Dodging
 - Level 2.1 Stealth
 - Level 2.0 Spellcasting
 - Level 1.0 Translocations
 - Level 1.0 Evocations


You had 9 spell levels left.
You knew the following spells:

 Your Spells              Type           Power      Damage    Failure   Level
a - Apportation           Tloc           6%         N/A       30%         1

Your spell library contained the following spells:

 Spells                   Type           Power      Damage    Failure   Level
 Summon Small Mammal      Summ           4%         N/A       41%         1
 Static Discharge         Conj/Air       1%         3-4/arc   56%         2
 Lesser Beckoning         Tloc           3%         N/A       65%         3
 Call Canine Familiar     Summ           1%         N/A       80%         3
 Summon Guardian Golem    Hex/Summ       1%         N/A       80%         3
 Dispel Undead            Necr           1%         3d6       99%         4
 Sticky Flame             Conj/Fire      1%         2d3       99%         4


Dungeon Overview and Level Annotations

Branches:
Dungeon (5/15)
 Temple: D:4-7

Altars:
Ashenzari
Ru
The Shining One

Shops:
D:1 [   D:2 !*[:[


Innate Abilities, Weirdness & Mutations

You are immune to sickness and miasma.
Your stone body is resilient. (AC +4)
You are immune to poison.
You resist negative energy. (rN+)
You are resistant to electric shocks. (rElec)
You are resistant to unholy torment.
You are immune to petrification.


Message History

The orc wizard is moderately wounded.
The orc wizard closely misses you.
You hit the orc wizard but do no damage.
The orc wizard is moderately wounded.
The orc wizard hits you but does no damage.
You puncture the orc wizard! You burn the orc wizard.
You kill the orc wizard!
Things that are here:
a +0 dagger; a +0 robe An iguana comes into view.
The iguana hisses angrily.
An iguana is nearby!
An iguana is nearby!
Reach: a) +0 trident (flame)
Press: ? - help, Dir - move target, f - iguana
Aim: an iguana (about 39% to evade your +0 trident of flaming)
You reach to attack!
You hit the iguana but do no damage. You completely miss the iguana.
The iguana bites you.
You hit the iguana. You burn the iguana.
The iguana is moderately wounded.
The iguana closely misses you.
You puncture the iguana! You burn the iguana.
You kill the iguana!
Your Armour skill increases to level 2!
You see here an iguana corpse.
The ogre shouts!
An ogre is nearby!
An ogre is nearby!
An ogre is nearby!
You hit the ogre but do no damage. The ogre misses you.
You puncture the ogre! You burn the ogre.
The ogre is heavily wounded.
The ogre hits you with a +0 giant spiked club!
You hit the ogre. You burn the ogre.
The ogre is heavily wounded.
You hit the ogre. You burn the ogre.
The ogre is severely wounded.
The ogre hits you with a +0 giant spiked club!!
Ouch! That really hurt!
You die...

#.......# #. ##.......#
#†.#####.###########
####.#####.#...........
#...........#.#.#####.
#)########..#.#.# #.#
#..#.#.# #.######
#......#####.#
................@O....#
#.###..###..............
#... ..........#......
##### ##.......#.##.##
#........ . .. #........
.. # .......... #.
#.#..##.## .#


You could see an ogre.

Vanquished Creatures
  Duvessa (D:3)
  A black bear (D:4)
  Dowan (D:3)
  A hound (D:4)
  A jelly (D:3)
  Crazy Yiuf (D:5)
  2 iguanas (D:5)
  An orc wizard (D:5)
  9 adders
  A worm (D:3)
  4 dart slugs
  4 orcs
  5 ball pythons
  7 endoplasms
  2 giant cockroaches
  2 goblins
  4 hobgoblins
  5 jackals
  2 quokkas
  6 bats
  3 frilled lizards
  7 kobolds
  5 rats
75 creatures vanquished.

Notes
Turn   | Place    | Note
-------+----------+-------------------------------------------
     0 | D:1      | greasedhog the Gargoyle Wanderer began the quest for the
                  | Orb.
     0 | D:1      | greasedhog set off with the following items: a +0 trident,
                  | a +0 cloak, a scroll of fear, a +0 leather armour; and the
                  | following spell memorised: Apportation; and the following
                  | spells available to memorise: Lesser Beckoning.
     0 | D:1      | Reached XP level 1. HP: 10/10 MP: 3/3
   104 | D:1      | Reached skill level 1 in Fighting
   104 | D:1      | Reached XP level 2. HP: 16/16 MP: 5/5
   372 | D:1      | Reached XP level 3. HP: 21/21 MP: 6/6
   470 | D:1      | Found a faded altar of an unknown god.
   486 | D:1      | Found Tiatoiw's Armour Emporium.
   907 | D:2      | Found Sockatae's Armour Shoppe.
   969 | D:2      | Found Upnysaoq's Antique Armour Boutique.
   996 | D:2      | Found Poiw's Distillery.
  1122 | D:2      | Found Jamob's General Store.
  1130 | D:2      | Found Xaudoquw's Book Shoppe.
  1136 | D:2      | Bought a scroll of identify for 28 gold pieces
  1136 | D:2      | Bought a scroll of poison for 56 gold pieces
  1136 | D:2      | Bought a scroll of noise for 14 gold pieces
  1153 | D:2      | Reached XP level 4. HP: 27/27 MP: 7/7
  1447 | D:3      | Found a faded altar of an unknown god.
  1451 | D:3      | Found a broken altar of Ashenzari.
  1472 | D:3      | Found a glowing golden altar of the Shining One.
  1988 | D:3      | Reached XP level 5. HP: 13/32 MP: 8/8
  2654 | D:4      | Noticed Duvessa
  2654 | D:4      | Noticed Dowan
  2689 | D:3      | Killed Dowan
  2690 | D:3      | Killed Duvessa
  2691 | D:3      | Reached XP level 6. HP: 23/39 MP: 9/9
  3071 | D:4      | Noticed a black bear
  3090 | D:4      | Killed a black bear
  3091 | D:4      | Reached skill level 5 in Fighting
  3091 | D:4      | Reached skill level 5 in Polearms
  3271 | D:4      | Found a sacrificial altar of Ru.
  3444 | D:4      | Reached XP level 7. HP: 44/44 MP: 10/10
  3770 | D:5      | Entered Level 5 of the Dungeon
  3849 | D:5      | Found a runed translucent door.
  3850 | D:5      | Noticed Crazy Yiuf
  3865 | D:5      | Paralysed by Crazy Yiuf for 3 turns
  3874 | D:5      | Killed Crazy Yiuf
  3875 | D:5      | Reached skill level 1 in Armour
  4554 | D:5      | Slain by an ogre

Illustrated notes

Levels and vault maps discovered:
D:1:      dpeg_arrival_tiny_a, layout_rooms,
          hellmonk_ecumenical_altar_heavens_door, serial_shops,
          nicolae_shop_trees
D:2:      layout_basic, serial_shops, shop, nicolae_shop_advertising_works
          [nicolae_subvault_shop_adworks], nicolae_shop_trees,
          nicolae_shop_crystal, shop_coins
D:3:      layout_basic, nicolae_overflow_ecumenical_swirl, tso_oasis_becter,
          minmay_between
D:4:      layout_gridville, overflow_temple_1_default, uniq_duvessa
D:5:      layout_loops_ring, lemuel_tele_altar, kennysheep_nub,
          uniq_crazy_yiuf_cottage

Skill      XL: |  1  2  3  4  5  6  7 |
---------------+----------------------+-----
Fighting       | 1 2 3 4 5 |  5.1
Polearms       | 3 4 5 |  5.6
Armour         | 2 |  2.0
Dodging        | |  1.0
Stealth        | |  2.1
Spellcasting   | |  2.0
Translocations | |  1.0
Evocations     | |  1.0

Action                   |  1- 3 |  4- 6 |  7- 9 || total
-------------------------+-------+-------+-------++-------
Melee: Trident           |   109 |   138 |    64 ||   311
       Punch             |       |       |     1 ||     1
Throw: Throwing net      |       |     2 |       ||     2
  Use: Scroll            |     3 |     3 |       ||     6
       Potion            |       |       |     3 ||     3
 Stab: Sleeping          |     1 |     1 |     1 ||     3
       Held in net/web   |       |     1 |       ||     1
Armor: Ring mail         |    47 |    74 |    22 ||   143
       Skin              |       |       |    13 ||    13
Dodge: Dodged            |    50 |    82 |    13 ||   145
